 Dungeon Crawl Stone Soup version 0.29.0-4-gdea44cf6ec (webtiles) character file.

Game seed: 16668836429352776078

75 Kordrann the Shield-Bearer (level 4, -1/40 HPs)
             Began as a Minotaur Fighter on Aug 27, 2022.
             Slain by an orc
             ... wielding a +2 hand axe of distortion
              (5 damage)
             ... on level 3 of the Dungeon.
             The game lasted 00:06:25 (1953 turns).

Kordrann the Shield-Bearer (Minotaur Fighter)       Turns: 1953, Time: 00:06:25

Health: -1/40      AC:  7    Str: 21 (22) XL:     4   Next: 11%
Magic:  3/3        EV:  9    Int:  4 (5)  God:
Gold:   117        SH:  4    Dex:  9 (10) Spells: 3/3 levels left

rFire   . . .      SeeInvis .   a - +0 long sword
rCold   . . .      Faith    .   c - +0 buckler
rNeg    . . .      Spirit   .   b - +0 scale mail
rPois   .          Reflect  .   (helmet restricted)
rElec   .          Harm     .   (no cloak)
rCorr   .          Rampage  .   (no gloves)
Will    .....                   (no boots)
Stlth   ..........              (no amulet)
HPRegen 0.13/turn               i - ring of flight
MPRegen 0.08/turn               (no ring)

@: flying
A: horns 2, retaliatory headbutt
a: no special abilities


You were on level 3 of the Dungeon.
You visited 1 branch of the dungeon, and saw 3 of its levels.

You collected 117 gold pieces.

Inventory:

Hand Weapons
 a - a +0 long sword (weapon)
Missiles
 h - 6 poisoned darts (quivered)
Armour
 b - a +0 scale mail (worn)
 c - a +0 buckler (worn)
 g - a +0 scale mail
Jewellery
 i - a ring of flight (left hand)
Wands
 m - a wand of polymorph (7)
Scrolls
 e - a scroll of identify
 j - a scroll of teleportation
 l - 2 scrolls of blinking
Potions
 d - a potion of might


   Skills:
 + Level 4.0 Fighting
 + Level 3.3 Long Blades
 + Level 4.2 Armour
 + Level 1.1 Dodging
 + Level 4.4 Shields


You had 3 spell levels left.
You didn't know any spells.
Your spell library was empty.

Dungeon Overview and Level Annotations

Branches:
Dungeon (3/15)

Altars:
Sif Muna


Innate Abilities, Weirdness & Mutations

You have a pair of horns on your head.
You reflexively headbutt those who attack you in melee.


Message History

You barely miss the hobgoblin. Your headbutt misses the hobgoblin.
You block the hobgoblin's attack.
You completely miss the hobgoblin.
You headbutt the hobgoblin, but do no damage.
The hobgoblin barely misses you. You furiously retaliate!
You headbutt the hobgoblin!
You kill the hobgoblin!
You hit the bat but do no damage. You block the bat's attack.
The bat barely misses you.
You hit the bat.
You kill the bat!
You barely miss the orc. Your headbutt misses the orc.
The orc barely misses you.
You barely miss the orc. You block the orc's attack.
The orc hits you with a +2 hand axe of distortion.
You slash the orc!
The orc is almost dead.
The orc hits you with a +2 hand axe of distortion.
Space warps horribly around you!!
Ouch! That really hurt!
* * * LOW HITPOINT WARNING * * *
You barely miss the orc.
The orc is almost dead.
The orc hits you but does no damage. Space warps around you.
* * * LOW HITPOINT WARNING * * *
You barely miss the orc. Your headbutt misses the orc.
The orc is almost dead.
You block the orc's attack.
You barely miss the orc.
The orc is almost dead.
The orc hits you with a +2 hand axe of distortion.
* * * LOW HITPOINT WARNING * * *
The orc hits you but does no damage. Space warps around you.
* * * LOW HITPOINT WARNING * * *
You closely miss the orc.
The orc is almost dead.
The orc hits you with a +2 hand axe of distortion.
* * * LOW HITPOINT WARNING * * *
Space warps around you.
You die...

#.#########.#
#......).##.#
#........##.# ##
#.#####..##.# ...
#.# #<.##.# ....
#.######.##.# .....
#........##.#
.....g########.##.#
....ooo@..# #.##.#
.....####.#######.#
... #.........# .
###########


You could see 3 orcs and a goblin.

Vanquished Creatures
  Terence (D:1)
  An adder (D:2)
  A dart slug (D:1)
  2 ball pythons (D:1)
  2 endoplasms
  A giant cockroach (D:1)
  2 goblins
  6 hobgoblins
  6 jackals (D:1)
  2 quokkas
  4 bats
  2 frilled lizards
  2 kobolds
  3 rats (D:1)
35 creatures vanquished.

Notes
Turn   | Place    | Note
-------+----------+-------------------------------------------
     0 | D:1      | Kordrann the Minotaur Fighter began the quest for the Orb.
     0 | D:1      | Reached XP level 1. HP: 19/19 MP: 0/0
   162 | D:1      | Reached XP level 2. HP: 20/26 MP: 1/1
   757 | D:1      | Reached XP level 3. HP: 29/33 MP: 2/2
   827 | D:2      | Noticed Terence
   870 | D:1      | Killed Terence
   871 | D:1      | Reached skill level 1 in Dodging
   962 | D:2      | Found a shimmering blue altar of Sif Muna.
   983 | D:2      | Reached XP level 4. HP: 21/40 MP: 3/3
  1842 | D:2      | Found a faded altar of an unknown god.
  1953 | D:3      | Slain by an orc

Illustrated notes

Levels and vault maps discovered:
D:1:      dpeg_arrival_simpleton_a, layout_rooms,
          chequers_serial_rivers_micro_c, kennysheep_decorative_pillar
D:2:      layout_basic, shapermc_ecumenical_altar_pompeii, basic_altar,
          uniq_terence
D:3:      minmay_chambers_of_twos, layout_basic, uniq_sigmund, uniq_jessica

Skill      XL: |  1  2  3 |
---------------+----------+-----
Shields        | 4 |  4.4
Armour         | 4 |  4.2
Fighting       | 4 |  4.0
Long Blades    | 3 |  3.3
Dodging        | 1 |  1.1

Action                   |  1- 3 |  4- 6 || total
-------------------------+-------+-------++-------
Melee: Long sword        |   110 |    21 ||   131
       Headbutt          |    13 |     2 ||    15
  Use: Scroll            |     2 |     1 ||     3
       Potion            |     2 |     1 ||     3
Armor: Scale mail        |    59 |     3 ||    62
       Skin              |    35 |       ||    35
Dodge: Dodged            |    71 |     9 ||    80
Block: Buckler           |    32 |     6 ||    38
